 Dungeon Sprint DCSS version 0.19.1 (webtiles) character file.

1500000 KingBobo974 the Conqueror (level 18, -5/182 HPs)
             Began as a Human Berserker on Dec 15, 2016.
             Was a Priest of Trog.
             Slain by a bag of meat
             ... wielding a +9 war axe
              (41 damage)
             ... in the Dungeon (Sprint VIII: "Arena of Blood").
             The game lasted 00:01:12 (15 turns).

KingBobo974 the Conqueror (Human Berserker)           Turns: 15, Time: 00:01:13

Health: -5/182     AC:  3    Str: 24    XL:     18   Next: 37%
Magic:  18/18      EV: 26    Int:  8    God:    Trog [***...]
Gold:   0          SH:  0    Dex: 14    Spells: 0 memorised, 17 levels left

rFire  . . .     SeeInvis .     i - +∞ Axe of Woe
rCold  . . .     Gourm    .     a - +0 animal skin
rNeg   . . .     Faith    .     (shield currently unavailable)
rPois  .         Spirit   .     (no helmet)
rElec  .         Reflect  .     (no cloak)
rCorr  .         Harm     .     (no gloves)
MR     +....     NoTele   +     (no boots)
Stlth  +.........               (no amulet)
                                k - +30 ring of slaying
                                j - +30 ring of slaying

@: no status effects
A: no striking features
a: Berserk, Trog's Hand, Burn Spellbooks, Renounce Religion


You were in the Dungeon.
You worshipped Trog.
Trog was most pleased with you.
You were not hungry.

You visited 1 branch

Inventory:

Hand Weapons
 i - the +∞ Axe of Woe (weapon)
   (You found it in the Dungeon)
Armour
 a - a +0 animal skin (worn)
Jewellery
 j - a +30 ring of slaying (left hand)
 k - a +30 ring of slaying (right hand)
Scrolls
 h - a scroll of blinking
Potions
 c - a potion of curing
 d - a potion of heal wounds
 e - a potion of haste
 f - 2 potions of magic
 g - a potion of berserk rage
Comestibles
 b - a bread ration


   Skills:
 O Level 27 Fighting
 + Level 21.1 Axes
 + Level 19.3 Armour
 + Level 20.8 Dodging
 O Level 27 Unarmed Combat


You had 17 spell levels left.
You didn't know any spells.

Dungeon Overview and Level Annotations

Branches:
Dungeon (1/1)

Altars:
Makhleb


Message History

The bag of meat shouts!
You carve the bag of meat like a ham!!!
You cleave the bag of meat in twain.
You kill the bag of meat!
Trog accepts your kill.
Your Axes skill gained 2 levels and is now at level 19!
Your Armour skill increases to level 18!
Your Dodging skill increases to level 19!
You have reached level 18!
Your experience leads to an increase in your attributes!
Increase (S)trength, (I)ntelligence, or (D)exterity?
You feel stronger.
You slice the bag of meat!!
You fatally mangle the bag of meat.
You kill the bag of meat!
Trog accepts your kill.
Your Axes skill gained 2 levels and is now at level 21!
Your Armour skill increases to level 19!
Your Dodging skill increases to level 20!
You hear a shout! x12
The bag of meat hits you with a +9 war axe!!!
You die...

.....#.#.....o
...........o.
O.o......oo.
....o......
.......o..
........o
#.....o)#
#......@# ...
.###......o###....
......###o......O.
......_..........
..#.....#.......
#_.<._#.......
#.....#...oo.#
...o._..........
......###.........


You could see a meat berserker (berserk) and 14 bags of meat.

Vanquished Creatures
  4 ogres (D)
  4 orcs (D)
8 creatures vanquished.

Notes
Turn   | Place    | Note
-------+----------+-------------------------------------------
     0 | D        | KingBobo974 the Human Berserker began the quest for the Orb.
     0 | D        | Reached XP level 1. HP: 18/18 MP: 1/1
     4 | D        | Noticed a bag of meat
     4 | D        | Noticed a bag of meat
     6 | D        | Killed a bag of meat
     6 | D        | Reached skill level 10 in Armour
     6 | D        | Reached skill level 10 in Dodging
     6 | D        | Reached XP level 2. HP: 47/47 MP: 2/2
     6 | D        | Reached XP level 3. HP: 53/53 MP: 3/3
     6 | D        | Reached XP level 4. HP: 61/61 MP: 4/4
     6 | D        | Reached XP level 5. HP: 67/67 MP: 5/5
     6 | D        | Reached XP level 6. HP: 74/74 MP: 6/6
     6 | D        | Reached XP level 7. HP: 80/80 MP: 7/7
     6 | D        | Reached XP level 8. HP: 88/88 MP: 8/8
     6 | D        | Reached XP level 9. HP: 94/94 MP: 9/9
     6 | D        | Reached XP level 10. HP: 101/101 MP: 10/10
     6 | D        | Reached XP level 11. HP: 107/107 MP: 11/11
     6 | D        | Reached XP level 12. HP: 115/115 MP: 12/12
     7 | D        | Killed a bag of meat
     7 | D        | Reached ** piety under Trog
     7 | D        | Reached XP level 13. HP: 90/127 MP: 13/13
     8 | D        | Noticed a bag of meat
     8 | D        | Noticed a meat berserker
     8 | D        | Noticed a meat berserker
     8 | D        | Noticed a meat berserker
     9 | D        | Noticed a bag of meat
     9 | D        | Noticed a bag of meat
     9 | D        | Noticed a meat berserker
    10 | D        | Noticed a bag of meat
    11 | D        | Noticed a bag of meat
    12 | D        | Killed a meat berserker
    12 | D        | Reached XP level 14. HP: 101/141 MP: 14/14
    12 | D        | Reached XP level 15. HP: 106/148 MP: 15/15
    13 | D        | Killed a meat berserker
    13 | D        | Reached skill level 15 in Dodging
    13 | D        | Reached XP level 16. HP: 30/161 MP: 16/16
    13 | D        | Killed a meat berserker
    13 | D        | Reached *** piety under Trog
    14 | D        | Noticed a meat berserker
    14 | D        | Killed a meat berserker
    14 | D        | Reached skill level 27 in Fighting
    14 | D        | Reached skill level 27 in Unarmed Combat
    14 | D        | Reached XP level 17. HP: 33/174 MP: 17/17
    15 | D        | Reached XP level 18. HP: 36/182 MP: 18/18
    15 | D        | Slain by a bag of meat

Skill      XL: |  1  2  3  4  5  6  7  8  9 10 11 12 13 14 15 16 17 18 |
---------------+-------------------------------------------------------+-----
Fighting       | 17 19 22 24 27 | 27.0
Axes           | 4 6 9 11 17 19 21 | 21.1
Armour         | 10 11 12 13 17 18 19 | 19.3
Dodging        | 10 11 13 15 18 19 20 | 20.8
Unarmed Combat | 17 20 22 24 27 | 27.0

Action                   |  1- 3 |  4- 6 |  7- 9 | 10-12 | 13-15 | 16-18 || total
-------------------------+-------+-------+-------+-------+-------+-------++-------
Melee: Executioner's axe |     1 |       |       |     1 |     2 |     2 ||     6
Dodge: Dodged            |       |       |       |       |       |     1 ||     1
